 Dungeon Crawl Stone Soup version 0.31-a0-851-g7ff8af7 (webtiles) character file.

Game seed: 11739337298436928777

115740 waywinkle the Spry (level 16, 65/81 HPs)
             Began as a Felid Summoner on Dec 15, 2022.
             Was an Initiate of Gozag.
             Quit the game on level 1 of the Snake Pit on Oct 7, 2023.
             The game lasted 02:19:22 (34661 turns).

waywinkle the Spry (Felid Summoner)                Turns: 34661, Time: 02:19:24

Health: 65/81      AC:  3    Str:  4    XL:     16   Next: 19%
Magic:  31/31      EV: 33    Int: 28    God:    Gozag
Gold:   3322       SH:  0    Dex: 19    Spells: 2/35 levels left
                                        Lives:  0   Deaths: 5

rFire   . . .        (weapon unavailable)
rCold   + . .        (shield unavailable)
rNeg    . . .        (body armour unavailable)
rPois   +            (helmet unavailable)
rElec   .            (cloak unavailable)
rCorr   .            (gloves unavailable)
SInv    +            (boots unavailable)
Will    ++...        n - amulet of magic regeneration
Stlth   ++           I - +6 ring of intelligence
HPRegen 0.33/turn    P - ring of poison resistance
MPRegen 0.62/turn

%: no passive effects
@: quick
A: very small, claws 1, fangs 3, see invisible, speed 1, shaggy fur 3, stealthy
paws, no weapons or thrown items, no armour, multi-lived
a: Renounce Religion, Potion Petition, Call Merchant, Bribe Branch


You were on level 1 of the Snake Pit.
You worshipped Gozag.
Gozag was most pleased with you.
You visited 5 branches of the dungeon, and saw 23 of its levels.
You also visited: Gauntlet and Ice Cave.

You collected 8760 gold pieces.
You spent 1671 gold pieces at shops.
You paid 3767 gold pieces to Gozag.


Innate Abilities, Weirdness & Mutations

You have sharp claws.
You have razor-sharp teeth.
You have supernaturally acute eyesight. (SInv)
You cover ground quickly. (Speed+)
Your thick and shaggy fur keeps you warm. (AC +3, rC+)
Your paws help you pounce on unaware monsters.
You are incapable of wielding weapons or throwing items.
You cannot wear armour.
You gain extra lives every three experience levels.


   Skills:
 - Level 15.0 Fighting
 - Level 19.0 Dodging
 - Level 2.6 Stealth
 - Level 10.0 Spellcasting
 - Level 10.0 Hexes
 + Level 12.8 Summonings
 + Level 6.8 Necromancy
 - Level 10.0 Translocations
 - Level 7.0 Air Magic


You had 2 spell levels left.
You knew the following spells:

 Your Spells              Type           Power      Damage    Failure   Level
c - Call Imp              Summ           100%       N/A       1%          2
d - Tukima's Dance        Hex            63%        N/A       1%          3
e - Cause Fear            Hex            31%        N/A       1%          4
f - Call Canine Familiar  Summ           72%        N/A       1%          3
g - Summon Guardian Gole  Hex/Summ       67%        N/A       1%          3
l - Summon Lightning Spi  Summ/Air       62%        N/A       1%          4
t - Summon Forest         Summ/Tloc      33%        N/A       1%          5
u - Passage of Golubria   Tloc           63%        N/A       1%          4
v - Summon Mana Viper     Hex/Summ       67%        N/A       1%          5

Your spell library contained the following spells:

 Spells                   Type           Power      Damage    Failure   Level
 Apportation              Tloc           100%       N/A       1%          1
 Summon Small Mammal      Summ           100%       N/A       1%          1
 Ensorcelled Hibernation  Hex/Ice        84%        N/A       1%          2
 Jinxbite                 Hex            100%       N/A       1%          2
 Poisonous Vapours        Pois/Air       66%        N/A       1%          2
 Magic Dart               Conj           56%        1d5       4%          1
 Sting                    Tmut/Pois      56%        1d5       4%          1
 Searing Ray              Conj           28%        2d5       6%          2
 Wereblood                Tmut           14%        N/A       6%          2
 Dazzling Flash           Conj/Hex       84%        N/A       1%          3
 Portal Projectile        Hex/Tloc       100%       N/A       1%          3
 Volatile Blastmotes      Fire/Tloc      84%        2d17      1%          3
 Manifold Assault         Tloc           63%        N/A       1%          4
 Vhi's Electric Charge    Tloc/Air       100%       N/A       1%          4
 Summon Ice Beast         Ice/Summ       50%        N/A       2%          4
 Fulminant Prism          Conj/Hex       21%        3d12      4%          4
 Iskenderun's Mystic Bla  Conj/Tloc      42%        2d10      4%          4
 Hailstorm                Conj/Ice       14%        3d5       12%         3
 Ignite Poison            Fire/Tmut/Pois 14%        N/A       12%         3
 Yara's Violent Unravell  Hex/Tmut       21%        3d10      14%         5
 Monstrous Menagerie      Summ           36%        N/A       17%         7
 Arcjolt                  Conj/Air       16%        1d26      26%         5
 Borgnjor's Vile Clutch   Necr/Erth      16%        N/A       26%         5
 Olgreb's Toxic Radiance  Pois           14%        N/A       36%         4
 Sticky Flame             Conj/Fire      14%        2d4       36%         4
 Freezing Cloud           Conj/Ice/Air   13%        6-21      41%         5
 Alistair's Intoxication  Tmut/Pois      9%         N/A       73%         5
 Fireball                 Conj/Fire      7%         3d5       73%         5
 Irradiate                Conj/Tmut      7%         3d14      73%         5
 Iskenderun's Battlesphe  Conj           14%        2d7       73%         5
 Conjure Ball Lightning   Conj/Air       16%        3x3d6     82%         6
 Starburst                Conj/Fire      7%         6d4       99%         6
 Orb of Destruction       Conj           7%         9d6       100%        7
 Ignition                 Fire           7%         3d4       100%        8
 Maxwell's Capacitive Co  Air            26%        ∞         100%        8
 Dragon's Call            Summ           36%        N/A       100%        9
 Animate Armour           Summ/Erth      Unusable   N/A       N/A         4

Inventory:

Jewellery
 e - a +5 ring of evasion
 f - a ring of fire
 n - an amulet of magic regeneration (around neck)
 A - the ring of Coaptuc {rC++ rN+}
   (You found it in a Gauntlet)

   [ring of positive energy]

   rC++:      It greatly protects you from cold.
   rN+:       It protects you from negative energy.
 F - an amulet of regeneration
 G - the ring "Noffulli" {rElec Will- rCorr Int+6 Dex+8}
   (You found it in a Gauntlet)

   [ring of intelligence]

   Int+6:     It affects your intelligence (+6).
   Dex+8:     It affects your dexterity (+8).
   rElec:     It insulates you from electricity.
   Will-:     It decreases your willpower.
   rCorr:     It protects you from acid and corrosion.
 I - a +6 ring of intelligence (left paw)
 L - a ring of flight
 P - a ring of poison resistance (right paw)
 Q - an amulet of reflection
 R - a ring of resist corrosion
 T - a +4 ring of protection
Talismans
 c - a granite talisman
 B - a blade talisman
 H - a maw talisman
 U - a serpent talisman
Wands
 d - a wand of flame (23)
 m - a wand of iceblast (28)
 s - a wand of acid (19)
 v - a wand of charming (18)
 w - a wand of mindburst (19)
 S - a wand of digging (10)
Scrolls
 h - 5 scrolls of fog
 j - 15 scrolls of teleportation {@r2}
 o - 5 scrolls of amnesia
 t - 3 scrolls of summoning
 x - 2 scrolls of immolation
 y - 4 scrolls of revelation
 C - 6 scrolls of poison
 M - a scroll of blinking
Potions
 a - 2 potions of magic
 b - 11 potions of curing {@q1}
 g - 3 potions of enlightenment
 i - 4 potions of haste {@q3}
 k - 2 potions of berserk rage {!q}
 l - 2 potions of mutation
 p - 6 potions of brilliance
 q - 5 potions of might
 r - 3 potions of lignification
 u - 8 potions of heal wounds {@q2}
 z - 2 potions of ambrosia
 D - 2 potions of resistance
 K - 3 potions of invisibility
 O - 2 potions of cancellation
Miscellaneous
 J - a tin of tremorstones (2/2)
 N - a phial of floods

Dungeon Overview and Level Annotations

Branches:
Dungeon (13/15)            Temple (1/1) D:5            Lair (5/5) D:11
 Shoals (0/4) Lair:2        Snake (2/4) Lair:3        Slime (0/5) Lair:4
    Orc (2/2) D:10            Elf (0/3) Orc:2        Vaults (0/5) D:13
  IceCv (visited)         Gauntlet (visited)

Altars:
Ashenzari
Cheibriados
Dithmenos
Elyvilon
Fedhas
Gozag
Hepliaklqana
Kikubaaqudgha
Makhleb
Nemelex Xobeh
Okawaru
Qazlal
Ru
Sif Muna
Trog
Uskayaw
Vehumet
Wu Jian
Xom
Yredelemnul
Zin
The Shining One

Shops:
D:3 [   D:8 [(   Orc:2 ?:(=?   Lair:1 :   Lair:5 :   Snake:2 [

Portals:
Trove: D:12 (give 4 scrolls of blinking)

Annotations:
Snake:2 Vashnia

...........#♣ ##....).####
............#♣ ####.....#
.............♣ #....).<.#
.)..#.....##♣♣
##........#### .#.###...##
#.....)......# ....#..###
###..........# ......##
####.......### ...##.#
#..........# #######
#####@.........# #
##.##.#.......### ###
##.##...........## ###
#.###............[##.#
#.####.........##...#..###
##.######............#.♣
###.....#..........##[##♣
..........##..##..###..#
...............#.....#.#


There were no monsters in sight!


Message History

The forest abruptly stops moving.
Your mana viper bites the naga sharpshooter!
The naga sharpshooter's magic leaks into the air.
Unknown command.
Something hits your mana viper! Something misses your mana viper.
The naga sharpshooter shoots an arrow.
The arrow hits you!!
You die...
You rejoin the land of the living...
The naga sharpshooter shouts!
The naga sharpshooter unwields a +0 dire flail.
The naga sharpshooter wields a +0 arbalest.
The naga sharpshooter mumbles some strange words.
The naga sharpshooter magically shoots a bolt.
The bolt barely misses you.
The naga sharpshooter shouts!
Your mana viper disappears in a puff of smoke!
The naga sharpshooter shoots a bolt.
The bolt misses you.
The naga sharpshooter unwields a +0 hand axe.
The naga sharpshooter wields a +0 longbow.
The naga sharpshooter shoots an arrow.
The arrow barely misses you.
There is a stone staircase leading up here.
The naga sharpshooter gestures wildly while chanting.
The naga sharpshooter magically shoots an arrow.
The arrow hits you!
You climb upwards.
There is a stone staircase leading down here.
Welcome back, waywinkle the Felid Summoner.
Gozag says: Greed is good.
Press ? for a list of commands and other information.
Are you sure you want to abandon this character and quit the game? (Confirm with "yes".)

Skill      XL: |  1  2  3  4  5  6  7  8  9 10 11 12 13 14 15 16 |
---------------+-------------------------------------------------+-----
Spellcasting   | 3 4 5 6 7 8 9 10 | 10.0
Summonings     | 5 6 7 8 9 10 12 | 12.8
Dodging        | 3 4 6 8 9 11 13 15 18 19 | 19.0
Hexes          | 2 4 5 9 10 | 10.0
Fighting       | 1 2 4 6 7 8 10 12 14 15 | 15.0
Air Magic      | 3 4 6 7 |  7.0
Translocations | 4 10 | 10.0
Necromancy     | 5 6 |  6.8
Stealth        | |  2.6

Action                     |  1- 3 |  4- 6 |  7- 9 | 10-12 | 13-15 | 16-18 || total
---------------------------+-------+-------+-------+-------+-------+-------++-------
  Melee: Unarmed           |    34 |    14 |    78 |   120 |   237 |     3 ||   486
         Bite              |     2 |       |     9 |    20 |    36 |       ||    67
         Punch             |       |     1 |     3 |     5 |     6 |       ||    15
   Cast: Summon Small Mamm |     7 |       |       |       |       |       ||     7
         Call Imp          |    11 |     7 |     5 |     4 |       |       ||    27
         Call Canine Famil |     6 |    16 |    48 |    98 |    70 |       ||   238
         Summon Guardian G |       |     5 |    35 |    13 |    25 |     6 ||    84
         Summon Lightning  |       |       |    17 |   130 |   107 |    13 ||   267
         Summon Forest     |       |       |       |     7 |    96 |    13 ||   116
         Summon Mana Viper |       |       |       |       |    30 |    18 ||    48
         Tukima's Dance    |       |       |       |       |       |     2 ||     2
         Passage of Golubr |       |       |       |       |       |     1 ||     1
 Invoke: Call Merchant     |       |       |       |     1 |     3 |       ||     4
Ability: Begin Untransform |       |       |       |       |     1 |       ||     1
  Evoke: Wand              |       |       |       |     4 |     8 |       ||    12
    Use: Scroll            |     6 |       |     5 |     7 |     7 |     2 ||    27
         Potion            |       |       |       |     3 |     4 |       ||     7
   Stab: Sleeping          |     8 |       |     3 |     1 |     1 |       ||    13
         Distracted        |       |       |       |     4 |     9 |       ||    13
         Betrayed ally     |       |       |       |     2 |     1 |       ||     3
 Armour: Skin              |     5 |     2 |    11 |   116 |   138 |    19 ||   291
  Dodge: Dodged            |    30 |    36 |   133 |   389 |   556 |    61 ||  1205
   Form: Maw               |       |       |       |       |     1 |       ||     1

Levels and vault maps discovered:
D:1:      ebering_trefoil_3fold, layout_loops_ring, serial_bayou_crossing
D:2:      layout_loops_ring, chequers_ecumenical_altar_simple_redux
D:3:      layout_rooms, serial_shops, shop_fountains, minmay_pentangle
D:4:      minmay_skewed_foursquare, layout_rooms,
          mainiacjoe_overflow_concentric_impassable, serial_bayou_lagoon_a,
          minmay_misc_feat_nine_boxes, serial_bayou_lagoon_b
D:5:      layout_loops_ring, fedhas_ov_isle_minmay,
          minmay_temple_entry_sparse_star, uniq_ijyb, uniq_pikel
D:6:      layout_basic, yredelemnul_forgotten_temple_becter
D:7:      layout_gridville, nicolae_ru_awakened_eye,
          nicolae_tso_besieged_by_evil
D:8:      layout_loops_ring, old_standard_altar, zin_scriptorium, serial_shops,
          nicolae_shop_temple_entry_statues_fountains, shop,
          nrook_loot_triangle, minmay_mini_ossuary, uniq_maggie
D:9:      layout_cave_pools
D:10:     layout_basic, grunt_temple_overflow_open, zombieorc2_lemuel,
          uniq_psyche, uniq_erica, uniq_joseph
D:11:     layout_roguey, erik_lair_island, minmay_puff
D:12:     layout_cave_pools, trove_entry_hex_spiral, xom_redecorated,
          uniq_jorgrun
D:13:     layout_basic, david_vaults_2, gammafunk_ghost_icy
Temple:   nicolae_temple_godzebo
Lair:1:   layout_regular_city, basic_altar, serial_bayou_shore_b,
          lemuel_fruit_tree
Lair:2:   layout_concentric_octagons, nicolae_shoals_entry_flooding
Lair:3:   layout_chaotic_city, nicolae_snake_entry_squirm,
          gauntlet_entry_generic, grunt_megastairs_5
Lair:4:   layout_regular_city, nicolae_slime_entry_field_trip, uniq_snorg
Lair:5:   evilmike_catoblepas_cave, layout_gridlike, uniq_rupert
Snake:1:  layout_cave_shapes, grunt_megastairs_3, uniq_roxanne
Snake:2:  layout_grid_shapes, basic_altar, serial_shops, nicolae_shop_crystal,
          uniq_aizul, uniq_vashnia, uniq_louise, uniq_frances
Orc:1:    layout_caves, basic_altar
Orc:2:    kennysheep_orc_mage_school, layout_caves,
          portal_ice_cave_entry_pillars_2, uniq_josephine

Notes
Turn   | Place    | Note
-------+----------+-------------------------------------------
     0 | D:1      | waywinkle the Felid Summoner began the quest for the Orb.
     0 | D:1      | Reached XP level 1. HP: 7/7 MP: 4/4
    93 | D:1      | Reached XP level 2. HP: 11/11 MP: 3/6
    96 | D:1      | Learned a level 2 spell: Call Imp
   724 | D:1      | Reached XP level 3. HP: 13/14 MP: 6/8
   734 | D:1      | Learned a level 3 spell: Call Canine Familiar
   933 | D:2      | Found a faded altar of an unknown god.
  1370 | D:2      | Reached skill level 3 in Spellcasting
  1911 | D:3      | Noticed an ogre
  1924 | D:3      | Killed an ogre
  1925 | D:3      | Reached skill level 5 in Summonings
  1925 | D:3      | Reached XP level 4. HP: 18/18 MP: 3/10
  1925 | D:3      | Reached XP level 5. HP: 21/21 MP: 3/11
  2258 | D:3      | Reached skill level 4 in Spellcasting
  2356 | D:3      | Gained mutation: You are covered in thick fur. (AC +2)
                  | [Felid growth]
  2356 | D:3      | Reached XP level 6. HP: 24/24 MP: 6/13
  2414 | D:3      | Learned a level 3 spell: Summon Guardian Golem
  2472 | D:3      | Reached skill level 3 in Dodging
  2472 | D:3      | Reached skill level 1 in Hexes
  2472 | D:3      | Reached skill level 6 in Summonings
  2518 | D:3      | Reached skill level 1 in Fighting
  2704 | D:3      | Reached skill level 2 in Hexes
  2784 | D:3      | Found Tobroah's Armour Boutique.
  2881 | D:3      | Reached XP level 7. HP: 28/28 MP: 7/15
  3245 | D:4      | Found a white marble altar of Elyvilon.
  3390 | D:4      | Reached skill level 2 in Fighting
  3390 | D:4      | Reached skill level 4 in Dodging
  3390 | D:4      | Reached skill level 3 in Hexes
  3651 | D:4      | Reached skill level 5 in Spellcasting
  3847 | D:4      | Identified the +4 dagger "Laotyrif" {drain, +Blink MP+9
                  | Dex+7}
  4353 | D:5      | Entered Level 5 of the Dungeon
  4461 | D:5      | Reached skill level 4 in Hexes
  4503 | D:5      | Reached XP level 8. HP: 34/34 MP: 10/16
  4609 | D:5      | Found a staircase to the Ecumenical Temple.
  4647 | D:5      | Reached skill level 3 in Fighting
  4647 | D:5      | Reached skill level 5 in Dodging
  4663 | D:5      | Noticed Ijyb
  4666 | D:5      | Noticed Pikel
  4673 | Temple   | Entered the Ecumenical Temple
  4706 | Temple   | Became a worshipper of Gozag Ym Sagoz the Greedy
  4839 | D:5      | Killed Pikel
  4840 | D:5      | Reached skill level 4 in Fighting
  4840 | D:5      | Reached skill level 5 in Hexes
  4840 | D:5      | Reached skill level 7 in Summonings
  4937 | D:5      | Killed Ijyb
  5233 | D:5      | Found a blossoming altar of Fedhas.
  5410 | D:5      | Reached skill level 6 in Dodging
  5807 | D:6      | Reached skill level 6 in Spellcasting
  5900 | D:6      | Reached XP level 9. HP: 39/39 MP: 16/19
  5905 | D:6      | Learned a level 4 spell: Summon Lightning Spire
  6172 | D:6      | Found a basalt altar of Yredelemnul.
  6416 | D:6      | Reached skill level 1 in Air Magic
  6439 | D:6      | Reached skill level 5 in Fighting
  6482 | D:6      | Reached skill level 7 in Dodging
  6971 | D:7      | Found a sacrificial altar of Ru.
  6989 | D:7      | Reached skill level 2 in Air Magic
  6996 | D:7      | Reached skill level 8 in Summonings
  7418 | D:7      | Found a glowing golden altar of the Shining One.
  7433 | D:7      | Reached skill level 8 in Dodging
  7510 | D:7      | Upgraded the game from 0.30-a0-459-g9104f0f to
                  | 0.30-a0-586-g23e55c9
  7536 | D:7      | Reached skill level 3 in Air Magic
  7540 | D:7      | Upgraded the game from 0.30-a0-586-g23e55c9 to
                  | 0.31-a0-667-g3972659
  7698 | D:7      | Reached skill level 6 in Fighting
  7698 | D:7      | Reached skill level 7 in Spellcasting
  7713 | D:7      | Reached XP level 10. HP: 45/45 MP: 18/21
  8079 | D:8      | Found a bloodstained altar of Trog.
  8148 | D:8      | Noticed Maggie
  8243 | D:8      | Found Qirion Pegg's Armour Emporium.
  8394 | D:8      | Found Naemess's Antique Weapon Shop.
  8581 | D:8      | Found a glowing silver altar of Zin.
  8845 | D:8      | Killed Maggie
  9341 | D:9      | Noticed a two-headed ogre
  9357 | D:9      | Killed a two-headed ogre
  9358 | D:9      | Reached skill level 9 in Dodging
  9358 | D:9      | Reached skill level 4 in Air Magic
  9631 | D:9      | Noticed a two-headed ogre
  9645 | D:9      | Killed a two-headed ogre
  9646 | D:9      | Reached skill level 9 in Summonings
  9831 | D:9      | Reached skill level 7 in Fighting
 10140 | D:9      | Got the Folio of Indurated Distance
 10329 | D:10     | Entered Level 10 of the Dungeon
 10439 | D:10     | Noticed Psyche
 10570 | D:10     | Found a radiant altar of Vehumet.
 10653 | D:10     | Found a burning altar of Makhleb.
 10662 | D:10     | Found a sparkling altar of Nemelex Xobeh.
 10743 | D:10     | Reached skill level 8 in Spellcasting
 10790 | D:10     | Noticed Joseph
 10816 | D:10     | Killed Joseph
 10817 | D:10     | Reached XP level 11. HP: 41/50 MP: 24/24
 11002 | D:10     | Killed Psyche
 11003 | D:10     | Reached skill level 5 in Air Magic
 11248 | D:10     | Reached skill level 10 in Dodging
 11385 | D:10     | Found a staircase to the Orcish Mines.
 11528 | D:10     | Noticed a two-headed ogre
 11544 | D:10     | Killed a two-headed ogre
 12029 | D:10     | Noticed Erica
 12042 | D:10     | HP: 5/51 [themself] (23)]
 12241 | D:10     | Killed Erica
 12362 | D:10     | Upgraded the game from 0.31-a0-667-g3972659 to
                  | 0.31-a0-716-gc760375
 12792 | D:11     | HP: 5/51 [electric eel/bolt of electricity (13)]
 12894 | D:11     | Found a staircase to the Lair.
 12958 | D:11     | Reached skill level 8 in Fighting
 13020 | D:11     | Noticed a sun demon
 13263 | D:11     | Noticed a two-headed ogre
 13280 | D:11     | Killed a two-headed ogre
 13281 | D:11     | Reached skill level 10 in Summonings
 13425 | D:11     | Reached skill level 6 in Air Magic
 13547 | D:11     | Identified a potion of resistance
 13681 | D:11     | Reached skill level 11 in Dodging
 13964 | D:11     | Reached skill level 9 in Spellcasting
 14273 | D:11     | Noticed a boulder beetle
 14275 | D:11     | Gained mutation: Your thick and shaggy fur keeps you warm.
                  | (AC +3, rC+) [Felid growth]
 14275 | D:11     | Reached XP level 12. HP: 56/56 MP: 23/26
 14293 | D:11     | Learned a level 3 spell: Tukima's Dance
 14298 | D:11     | Learned a level 4 spell: Passage of Golubria
 14390 | D:12     | Noticed a boulder beetle
 14458 | D:12     | Mangled by a skeletal warrior
 14459 | D:12     | Found a shimmering altar of Xom.
 14459 | D:12     | Found a shimmering altar of Xom.
 14473 | D:12     | Found a shimmering altar of Xom.
 14473 | D:12     | Found a shimmering altar of Xom.
 14473 | D:12     | Found a shimmering altar of Xom.
 14668 | D:12     | Reached skill level 9 in Fighting
 14717 | D:12     | Killed a boulder beetle
 14731 | D:12     | Noticed a boulder beetle
 15125 | Lair:1   | Entered Level 1 of the Lair of Beasts
 15346 | Lair:1   | Reached skill level 12 in Dodging
 15346 | Lair:1   | Reached skill level 7 in Air Magic
 15673 | Lair:1   | Found a broken altar of Ashenzari.
 16365 | Lair:1   | Reached skill level 10 in Spellcasting
 16705 | Lair:2   | Reached skill level 10 in Fighting
 16743 | Lair:2   | Noticed a death yak
 16743 | Lair:2   | Noticed a death yak
 16822 | Lair:2   | Reached skill level 13 in Dodging
 16961 | Lair:2   | HP: 1/58 [yak (7)]
 16962 | Lair:2   | Slain by a polar bear
 16969 | Lair:2   | Noticed a death yak
 16971 | Lair:2   | Noticed a death yak
 17003 | Lair:1   | Bought the Collected Works on Geometric Ice for 504 gold
                  | pieces
 17010 | Lair:1   | Learned a level 5 spell: Summon Forest
 17030 | Lair:2   | Killed a death yak
 17031 | Lair:2   | Reached skill level 1 in Translocations
 17059 | Lair:2   | Found a staircase to the Shoals.
 17070 | Lair:2   | Reached skill level 2 in Translocations
 17156 | Lair:2   | Reached skill level 3 in Translocations
 17483 | Lair:2   | Killed a death yak
 17487 | Lair:2   | Noticed a death yak
 17489 | Lair:2   | Noticed a death yak
 17508 | Lair:1   | Killed a death yak
 17509 | Lair:1   | Reached skill level 4 in Translocations
 17708 | Lair:2   | Killed a death yak
 17709 | Lair:2   | Reached XP level 13. HP: 57/62 MP: 22/28
 17721 | Lair:2   | Reached skill level 5 in Translocations
 18010 | Lair:3   | Reached skill level 14 in Dodging
 18025 | Lair:3   | Found a gate leading to a gauntlet.
 18035 | Gauntlet | Entered a Gauntlet
 18035 | Gauntlet | Found a transporter.
 18035 | Gauntlet | Found a transporter.
 18035 | Gauntlet | Found a transporter.
 18036 | Gauntlet | Found a transporter.
 18039 | Gauntlet | Found a transporter.
 18039 | Gauntlet | Found a transporter.
 18049 | Gauntlet | Found a transporter.
 18053 | Gauntlet | Found a transporter.
 18055 | Gauntlet | Found a large runed translucent door.
 18056 | Gauntlet | Found a large runed translucent door.
 18057 | Gauntlet | Found a large runed translucent door.
 18057 | Gauntlet | Found a large runed translucent door.
 18057 | Gauntlet | Found a runed translucent door.
 18057 | Gauntlet | Found a runed translucent door.
 18058 | Gauntlet | Found a large runed translucent door.
 18058 | Gauntlet | Found a large runed translucent door.
 18058 | Gauntlet | Found a large runed translucent door.
 18058 | Gauntlet | Found a large runed translucent door.
 18059 | Gauntlet | Found a large runed translucent door.
 18059 | Gauntlet | Found a large runed translucent door.
 18060 | Gauntlet | Found a large runed translucent door.
 18060 | Gauntlet | Found a large runed translucent door.
 18061 | Gauntlet | Found a runed translucent gate.
 18061 | Gauntlet | Found a runed translucent gate.
 18061 | Gauntlet | Found a runed translucent gate.
 18063 | Gauntlet | Found a transporter.
 18063 | Gauntlet | Noticed a blizzard demon
 18073 | Gauntlet | Found a large runed translucent door.
 18074 | Gauntlet | Found a large runed translucent door.
 18083 | Gauntlet | Found a large runed translucent door.
 18083 | Gauntlet | Found a large runed translucent door.
 18168 | Gauntlet | Found a transporter.
 18170 | Gauntlet | Found a transporter.
 18178 | Gauntlet | Found a transporter.
 18284 | Gauntlet | Learned a level 4 spell: Cause Fear
 18305 | Gauntlet | Identified the ring "Noffulli" {rElec Will- rCorr Int+6
                  | Dex+8}
 18309 | Gauntlet | Reached skill level 11 in Fighting
 18597 | Gauntlet | Killed a blizzard demon
 18598 | Gauntlet | Reached skill level 6 in Translocations
 18598 | Gauntlet | Identified the ring of Coaptuc {rC++ rN+}
 18700 | Gauntlet | Noticed a minotaur
 19337 | Gauntlet | Killed a minotaur
 20387 | Lair:3   | Reached skill level 7 in Translocations
 20413 | Lair:3   | Found a staircase to the Snake Pit.
 20942 | Lair:4   | Reached skill level 8 in Translocations
 21035 | Lair:4   | Found a staircase to the Slime Pits.
 21103 | Lair:4   | Reached skill level 15 in Dodging
 21374 | Lair:4   | Noticed Snorg
 21416 | Lair:4   | Reached skill level 12 in Fighting
 21426 | Lair:4   | Killed Snorg
 21996 | Lair:5   | Entered Level 5 of the Lair of Beasts
 22010 | Lair:5   | Reached skill level 9 in Translocations
 22587 | Lair:5   | Reached skill level 10 in Translocations
 22591 | Lair:5   | Reached XP level 14. HP: 69/69 MP: 29/29
 22604 | Lair:5   | Reached skill level 16 in Dodging
 22849 | Lair:5   | Noticed Rupert
 22862 | Lair:5   | Killed Rupert
 23151 | Lair:5   | Reached skill level 13 in Fighting
 23572 | Lair:5   | Reached skill level 17 in Dodging
 24250 | D:12     | Found a portal to a secret trove of treasure.
 24358 | D:12     | Noticed Jorgrun
 24764 | Orc:1    | Entered Level 1 of the Orcish Mines
 24855 | Orc:1    | Noticed an orc warlord
 24912 | Orc:1    | Killed an orc warlord
 25196 | Orc:2    | Entered Level 2 of the Orcish Mines
 25221 | Orc:2    | Found a frozen archway.
 25233 | IceCv    | Entered an ice cave
 25297 | IceCv    | Reached skill level 14 in Fighting
 25385 | IceCv    | Reached skill level 18 in Dodging
 25788 | IceCv    | Noticed a frost giant
 25852 | IceCv    | Killed a frost giant
 26579 | Orc:2    | Noticed Josephine
 26602 | Orc:2    | Reached XP level 15. HP: 76/76 MP: 22/30
 26613 | Orc:2    | Killed Josephine
 26931 | Orc:2    | Found a staircase to the Elven Halls.
 27242 | Orc:2    | Noticed Nergalle
 27254 | Orc:2    | Reached skill level 15 in Fighting
 27254 | Orc:2    | Reached skill level 19 in Dodging
 27254 | Orc:2    | Killed Nergalle
 27259 | Orc:2    | Found an ancient bone altar of Kikubaaqudgha.
 27268 | Orc:2    | Found Voawuari's Jewellery Emporium.
 27277 | Orc:2    | Noticed Erolcha
 27282 | Orc:2    | Killed Erolcha
 27526 | Orc:2    | Found Koer's Jewellery Emporium.
 27552 | Orc:2    | Found Milulum's Antique Weapon Shoppe.
 27579 | Orc:2    | Found a radiant altar of Vehumet.
 27598 | Orc:2    | Found Tealow's Magic Scroll Shoppe.
 27893 | Orc:2    | Bought a ring of poison resistance for 280 gold pieces
 28278 | Orc:2    | Bought a scroll of blinking for 127 gold pieces
 28280 | Orc:2    | Bought a book of Beasts for 760 gold pieces
 28571 | D:12     | Killed Jorgrun
 28572 | D:12     | Reached skill level 11 in Summonings
 28572 | D:12     | Reached skill level 1 in Necromancy
 29027 | D:13     | Found a runed translucent gate.
 29027 | D:13     | Found a runed translucent gate.
 29027 | D:13     | Found a runed translucent gate.
 29111 | D:13     | Noticed NobodyHome's ghost (journeyman TrSh)
 29127 | D:13     | Found a gate to the Vaults.
 29183 | D:13     | Slain by a boulder beetle
 29197 | D:13     | HP: 6/77 [yaktaur/iceblast (10)]
 29198 | D:13     | Killed from afar by a yaktaur
 29264 | D:13     | Reached skill level 6 in Hexes
 29264 | D:13     | Reached skill level 2 in Necromancy
 29273 | D:13     | Learned a level 5 spell: Summon Mana Viper
 29992 | D:13     | Killed NobodyHome's ghost
 29993 | D:13     | Reached skill level 3 in Necromancy
 29998 | D:13     | Reached skill level 7 in Hexes
 30839 | Snake:1  | Entered Level 1 of the Snake Pit
 31269 | Snake:1  | Reached skill level 8 in Hexes
 31269 | Snake:1  | Reached skill level 4 in Necromancy
 32014 | Snake:1  | Noticed Roxanne
 32056 | Snake:1  | Killed Roxanne
 32154 | Snake:1  | Reached skill level 9 in Hexes
 32154 | Snake:1  | Reached skill level 12 in Summonings
 32164 | Snake:1  | Reached skill level 5 in Necromancy
 32701 | Snake:2  | Found Ligon's Armour Shoppe.
 32701 | Snake:2  | Found a sacrificial altar of Ru.
 32712 | Snake:2  | Noticed a nagaraja
 32891 | Snake:1  | Killed a nagaraja
 33028 | Snake:2  | Reached XP level 16. HP: 72/81 MP: 24/31
 33098 | Snake:2  | Reached skill level 10 in Hexes
 33139 | Snake:2  | Noticed Louise
 33150 | Snake:2  | Noticed Frances
 33168 | Snake:1  | Reached skill level 6 in Necromancy
 33403 | Snake:2  | Killed Louise
 33427 | Snake:2  | Noticed Aizul
 33444 | Snake:2  | Killed Aizul
 33543 | Snake:2  | HP: 6/81 [smoke demon/divine providence[Frances] (13)]
 33543 | Snake:2  | Killed Frances
 34068 | Snake:2  | Noticed Vashnia
 34640 | Snake:2  | Shot with an arrow by a naga sharpshooter
 34661 | Snake:1  | Upgraded the game from 0.31-a0-716-gc760375 to
                  | 0.31-a0-851-g7ff8af7
 34661 | Snake:1  | Quit the game

Vanquished Creatures
  A minotaur (Gauntlet)
  A yaktaur captain (D:13)
  An ice statue (IceCv)
  A gargoyle (D:11)
  A naga (Snake:1)
  2 water moccasins
  A wolf (Lair:1)
  A bullfrog (Lair:3)
  An orc wizard (Orc:2)
  An ogre zombie (D:10)
  An adder (D:3)
  A dart slug (D:1)
  3 orcs
  A bat (D:3)
  4 endoplasms
  3 goblins
  3 hobgoblins
  A jackal (D:1)
  2 kobolds
  A quokka (D:4)
  A ball python (D:1)
  A frilled lizard (D:1)
  2 hobgoblin zombies (D:7)
  4 orc zombies
  A rat (D:2)
  A spectral orc (D:6)
41 creatures vanquished.

Vanquished Creatures (collateral kills)
  Rupert (Lair:5)
  Jorgrun (D:12)
  Frances (Snake:2)
  Aizul (Snake:2)
  Roxanne (Snake:1)
  A frost giant (IceCv)
  2 nagarajas
  An orc warlord (Orc:1)
  Louise (Snake:2)
  The ghost of NobodyHome the Mimic, a journeyman TrSh of Trog (D:13)
  Snorg (Lair:4)
  2 blizzard demons
  3 catoblepae (Lair:5)
  A rakshasa (D:13)
  A hydra (Lair:5)
  Erolcha (Orc:2)
  An ogre mage (Orc:2)
  4 anacondas
  Erica (D:10)
  A death knight (D:13)
  4 two-headed ogres
  4 boulder beetles
  2 naga warriors
  2 shock serpents (Snake:1)
  19 death yaks
  Nergalle (Orc:2)
  A salamander mystic (Snake:1)
  4 skeletal warriors (D:12)
  A wizard (Gauntlet)
  3 naga ritualists
  4 salamanders (Snake:2)
  8 orc sorcerers
  3 manticores
  6 mana vipers
  A cyclops (D:13)
  5 elephants (Lair:5)
  20 black mambas
  2 water nymphs (Lair:2)
  A guardian serpent (Snake:2)
  Joseph (D:10)
  A torpor snail (Lair:4)
  5 naga magi
  An unseen horror (D:11)
  Psyche (D:10)
  Maggie (D:8)
  7 cane toads
  2 kobold demonologists (D:11)
  10 rime drakes
  8 komodo dragons
  2 yaktaurs
  2 freezing wraiths (D:13)
  An efreet (D:13)
  3 ice devils
  8 trolls
  9 polar bears
  2 hornets (Gauntlet)
  3 blink frogs (Lair:3)
  6 dream sheep (Lair:5)
  5 wyverns
  5 shadows
  11 wraiths
  58 yaks
  5 centaur simulacra (D:13)
  4 basilisks
  5 vampire mosquitoes
  5 wargs
  19 nagas
  2 acid dragons (D:11)
  16 water moccasins
  14 orc warriors
  A sky beast (D:8)
  A black bear (Lair:4)
  41 wolves
  9 ogres
  3 centaurs
  5 phantoms
  6 kobold brigands
  11 bullfrogs
  2 gnoll sergeants (D:12)
  3 necrophages
  4 scorpions
  10 wights
  A hornet simulacrum (D:13)
  4 killer bees (D:9)
  2 troll zombies (D:10)
  3 howler monkeys (D:8)
  2 electric eels (D:11)
  A quasit (D:7)
  5 hounds
  8 jellies
  6 orc priests
  5 iguanas
  4 hell rats (Lair:4)
  Ijyb (D:5)
  30 orc wizards
  5 ogre zombies (D:10)
  A mummy (D:8)
  4 adders
  17 gnolls
  3 white imps (Gauntlet)
  A dart slug (D:3)
  55 orcs
  5 ball pythons
  6 bats
  7 endoplasms
  4 giant cockroaches
  4 hobgoblins
  A jackal (D:1)
  30 kobolds
  A quokka (D:2)
  8 goblins
  4 goblin skeletons (D:10)
  3 goblin zombies
  A hobgoblin skeleton (D:10)
  3 hobgoblin zombies
  A kobold skeleton (D:7)
  A kobold zombie (D:8)
  3 orc skeletons
  14 orc zombies
  7 rats
  A snaplasher vine (Lair:5)
698 creatures vanquished.

Vanquished Creatures (others)
  Josephine (Orc:2)
  An ettin (Orc:1)
  A boulder beetle (D:12)
  2 death yaks (IceCv)
  Pikel (D:5)
  A komodo dragon (Lair:5)
  2 trolls
  2 hornets
  A wraith (Orc:2)
  2 yaks (Lair:4)
  A warg (Orc:2)
  A water moccasin (D:6)
  An ice beast (D:5)
  4 orc warriors
  A black bear (D:3)
  A wolf (D:11)
  An ogre (D:5)
  A centaur (D:7)
  A lemure (D:5)
  2 kobold brigands
  A scorpion (D:7)
  3 wights
  A jelly (D:4)
  2 orc priests
  2 orc wizards
  A gnoll (D:3)
  A hobgoblin (D:3)
  2 kobolds
  28 snaplasher vines
69 creatures vanquished.

Grand Total: 808 creatures vanquished

Table legend: (Time is in decaauts)
 A = Elapsed time spent in this place.
 B = Non-inter-level travel time spent in this place.
 C = Inter-level travel time spent in this place.
 D = Time resting spent in this place.
 E = Time spent auto-exploring this place.
 F = Levels seen in this place.
 G = Mean time per level.
                   A        B        C        D        E       F      G
               +--------+--------+--------+--------+--------+-----+--------+
         Total |  30832 |  29350 |   1482 |   6949 |  13392 |  25 | 1233.3 |
       Dungeon |  16501 |  15541 |    960 |   3016 |   7509 |  13 | 1269.3 |
        Temple |     50 |     28 |     22 |      0 |     20 |   1 |   50.0 |
          Lair |   6745 |   6454 |    291 |   1519 |   3209 |   5 | 1349.0 |
     Snake Pit |   3121 |   3019 |    102 |   1193 |   1013 |   2 | 1560.5 |
  Orcish Mines |   1937 |   1832 |    105 |    283 |   1043 |   2 |  968.5 |
      Ice Cave |   1175 |   1175 |      0 |    319 |    352 |   1 | 1175.0 |
      Gauntlet |   1301 |   1301 |      0 |    619 |    242 |   1 | 1301.0 |
               +--------+--------+--------+--------+--------+-----+--------+

Top non-repeatable levels by time:
    D:10: 2351 daAuts
 Snake:1: 2124 daAuts
    D:11: 1935 daAuts
    D:13: 1663 daAuts
  Lair:3: 1591 daAuts
  Lair:5: 1573 daAuts
     D:8: 1369 daAuts
    D:12: 1364 daAuts
Gauntlet: 1301 daAuts
   Orc:2: 1296 daAuts
  Lair:1: 1293 daAuts
  Lair:2: 1275 daAuts
   IceCv: 1175 daAuts
     D:5: 1130 daAuts
     D:3: 1080 daAuts

Table legend:
 A = Non-vault XP
 B = Vault XP
 C = Vault XP percentage of total XP
 D = Non-vault monster count
 E = Vault monster count
 F = Vault count percentage of total count
                 A         B        C        D         E       F
            +---------+---------+-------+---------+---------+-------
      Total |   99548 |   65796 |  39.8 |     543 |     234 |  30.1
            +---------+---------+-------+---------+---------+-------
        D:1 |      43 |       0 |   0.0 |      24 |       0 |   0.0
        D:2 |      41 |       0 |   0.0 |      16 |       0 |   0.0
        D:3 |     502 |     160 |  24.2 |      27 |      13 |  32.5
        D:4 |     435 |      84 |  16.2 |      21 |       4 |  16.0
        D:5 |     599 |     651 |  52.1 |       9 |       2 |  18.2
        D:6 |    1305 |       1 |   0.1 |      22 |       1 |   4.3
        D:7 |    2336 |      52 |   2.2 |      44 |       8 |  15.4
        D:8 |     603 |     411 |  40.5 |      14 |       6 |  30.0
        D:9 |    2548 |       0 |   0.0 |      19 |       0 |   0.0
       D:10 |    2885 |    2613 |  47.5 |      15 |      41 |  73.2
       D:11 |    6953 |    1879 |  21.3 |      36 |       7 |  16.3
       D:12 |    6758 |    2232 |  24.8 |      30 |       2 |   6.2
       D:13 |    5828 |    6233 |  51.7 |      11 |      15 |  57.7
     Lair:1 |    6233 |       0 |   0.0 |      26 |       0 |   0.0
     Lair:2 |    7242 |     882 |  10.9 |      21 |       2 |   8.7
     Lair:3 |    6184 |    1617 |  20.7 |      23 |       7 |  23.3
     Lair:4 |    5329 |    1201 |  18.4 |      30 |       7 |  18.9
     Lair:5 |    9667 |   12852 |  57.1 |      39 |      24 |  38.1
    Snake:1 |   15052 |    2264 |  13.1 |      31 |       3 |   8.8
    Snake:2 |   11513 |    4110 |  26.3 |      24 |       3 |  11.1
      Orc:1 |    5096 |       0 |   0.0 |      28 |       0 |   0.0
      Orc:2 |    2396 |    9137 |  79.2 |      33 |      40 |  54.8
      IceCv |       0 |   15314 | 100.0 |       0 |      38 | 100.0
   Gauntlet |       0 |    4103 | 100.0 |       0 |      11 | 100.0
            +---------+---------+-------+---------+---------+-------
